 Dungeon Crawl Stone Soup version 0.32-a0-576-g706899e69d (webtiles) character file.

Game seed: 17342991276586639488

14 CougarLife the Digger (level 2, -3/15 HPs)
             Began as a Gargoyle Earth Elementalist on Mar 1, 2024.
             Slain by a gnoll
             ... wielding a +0 whip
              (5 damage)
             ... on level 2 of the Dungeon.
             The game lasted 00:00:31 (813 turns).

CougarLife the Digger (Gargoyle Earth Elementalist)  Turns: 813, Time: 00:00:31

Health: -3/15      AC:  5    Str: 11    XL:     2   Next: 41%
Magic:  3/5        EV: 11    Int: 15    God:
Gold:   81         SH:  0    Dex: 10    Spells: 4/5 levels left

rFire   . . .        l - +0 dagger
rCold   . . .        (no shield)
rNeg    + . .        a - +0 robe
rPois   ∞            (no helmet)
rElec   +            (no cloak)
rCorr   .            m - +0 pair of gloves
SInv    .            (no boots)
Will    .....        (no amulet)
Stlth   ++           (no ring)
HPRegen 0.22/turn    (no ring)
MPRegen 0.09/turn

%: no passive effects
@: no status effects
A: sickness immunity, AC +2, negative energy resistance 1, electricity
resistance, torment resistance 1, petrification resistance
a: no special abilities


You were on level 2 of the Dungeon.
You visited 1 branch of the dungeon, and saw 2 of its levels.

You collected 81 gold pieces.

Inventory:

Hand Weapons
 l - a +0 dagger (weapon)
Armour
 a - a +0 robe (worn)
 m - a +0 pair of gloves (worn)
Scrolls
 f - 4 scrolls of identify {unknown}
 i - a scroll of enchant armour {unknown}
 k - a scroll of revelation {unknown}
Potions
 b - a potion of magic
 c - a potion of enlightenment {unknown}
 d - a potion of cancellation {unknown}
 e - a potion of lignification {unknown}
 g - a potion of heal wounds {unknown}
 h - a potion of invisibility {unknown}
 j - a potion of curing {unknown}


   Skills:
 - Level 1.5 Dodging
 - Level 2.1 Stealth
 + Level 2.3 Spellcasting
 + Level 1.7 Conjurations
 + Level 3.9 Earth Magic


You had 4 spell levels left.
You knew the following spells:

 Your Spells              Type           Power      Damage    Failure   Level
a - Sandblast             Erth           26%        2d8       4%          1

Your spell library contained the following spells:

 Spells                   Type           Power      Damage    Failure   Level
 Passwall                 Erth           13%        N/A       13%         3
 Stone Arrow              Conj/Erth      20%        3d8       21%         3
 Brom's Barrelling Bould  Conj/Erth      10%        2d3       56%         4
 Petrify                  Alch/Erth      7%         N/A       67%         4


Dungeon Overview and Level Annotations

Branches:
Dungeon (2/15)

Altars:


Innate Abilities, Weirdness & Mutations

You are immune to sickness and miasma.
Your stone body is resilient. (AC +2)
You are immune to poison.
You resist negative energy. (rN+)
You are resistant to electric shocks. (rElec)
You are resistant to unholy torment.
You are immune to petrification.


Message History

You see here 11 gold pieces.
The blast of sand hits the bat!
You kill the bat!
You can't see any susceptible monsters within range! (Use Z to cast anyway.)
A rat comes into view.
The gnoll throws a throwing net.
The throwing net completely misses you.
A gnoll comes into view. It is wielding a +0 whip.
The blast of sand hits the rat!
You kill the rat!
The rat squeaks loudly.
The gnoll shouts!
The gnoll throws a throwing net.
The throwing net hits you.
You become entangled in the net!
You are held in a net!
There are monsters nearby!
The blast of sand hits the gnoll!
The gnoll is heavily wounded.
You struggle against the net.
The gnoll hits you but does no damage.
You struggle against the net.
The gnoll hits you from afar with a +0 halberd.
The gnoll barely misses you.
You struggle against the net.
The gnoll hits you but does no damage.
You struggle against the net.
A giant cockroach comes into view.
The rat bites you but does no damage. The gnoll hits you but does no damage.
The gnoll hits you with a +0 whip. The gnoll hits you but does no damage.
You rip the net and break free!
The rat bites you. The gnoll hits you with a +0 whip.
The gnoll closely misses you. The gnoll hits you but does no damage.
The rat bites you but does no damage. The gnoll attacks as it pursues you!
The gnoll hits you from afar with a +0 halberd.
* * * LOW HITPOINT WARNING * * *
The gnoll barely misses you.
You see here 11 gold pieces.
The rat barely misses you. The gnoll attacks as it pursues you!
The gnoll closely misses you.
There is a stone staircase leading up here.
You see here a throwing net.
The rat bites you but does no damage. The gnoll closely misses you.
The gnoll hits you with a +0 whip.
You die...

#.. #.# #.# #.#
#.# # #.# .#
##.####.†##.#
#.@rg.?......
........gg.#..##.#
#####.#.g....†...
#...#..#..####
#...#...#...
.?.###.#...###
##.. ..#...# ...
###.#.#


You could see 4 gnolls and a rat.

Vanquished Creatures
  A bat (D:2)
  An endoplasm (D:1)
  2 goblins (D:1)
  2 hobgoblins (D:1)
  A kobold (D:1)
  4 frilled lizards (D:1)
  2 rats
13 creatures vanquished.

Notes
Turn   | Place    | Note
-------+----------+-------------------------------------------
     0 | D:1      | CougarLife the Gargoyle Earth Elementalist began the quest
                  | for the Orb.
     0 | D:1      | Reached XP level 1. HP: 10/10 MP: 3/3
   438 | D:1      | Reached XP level 2. HP: 15/15 MP: 1/5
   813 | D:2      | Slain by a gnoll

Illustrated notes

Levels and vault maps discovered:
D:1:      scummos_arrival_forest, layout_basic, nicolae_twisty_statue_hallways
D:2:      layout_loops_ring, hangedman_abyss_or_decor_stabs

Action                     || total
---------------------------++-------
  Melee: Unarmed           ||     2
   Cast: Sandblast         ||    14
 Armour: Robe              ||    15
  Dodge: Dodged            ||     7

Table legend: (Time is in decaauts)
 A = Elapsed time spent in this place.
 B = Non-inter-level travel time spent in this place.
 C = Inter-level travel time spent in this place.
 D = Time resting spent in this place.
 E = Time spent auto-exploring this place.
 F = Levels seen in this place.
 G = Mean time per level.
                   A        B        C        D        E       F      G
               +--------+--------+--------+--------+--------+-----+--------+
         Total |    819 |    757 |     62 |      0 |    669 |   2 |  409.5 |
       Dungeon |    819 |    757 |     62 |      0 |    669 |   2 |  409.5 |
               +--------+--------+--------+--------+--------+-----+--------+

Top non-repeatable levels by time:
     D:1: 803 daAuts
     D:2: 16 daAuts
